[Event "BSV-SCK IM 2022"]
[Site "Berlin"]
[Date "2022.04.12"]
[Round "6.1"]
[White "Vogel, Constantin"]
[Black "Schmidek, Emil"]
[Result "0-1"]
[ECO "A13"]
[WhiteElo "2209"]
[BlackElo "2383"]
[Annotator "TA"]
[PlyCount "114"]
[EventDate "2022.04.08"]
[EventType "tourn"]
[EventCountry "GER"]
[SourceTitle "playchess.com"]
[Source "ChessBase"]
[SourceQuality "1"]
[TimeControl "5400+30"]

1. c4 e6 2. g3 d5 3. Bg2 d4 4. Nf3 c5 5. e3 Nc6 6. exd4 cxd4 7. O-O Nf6 8. d3 Bd6 {[%emt 0:00:15] A13: English Opening: 1...e6.} 9. Bg5 h6 10. Bxf6 Qxf6 {[%emt 0:00:06] The position is equal.} 11. Nbd2 Qe7 12. a3 a5 $1 {[%emt 0:00:25] Inhibits b4.} 13. Ne4 Bc7 14. b4 axb4 15. axb4 Rxa1 16. Qxa1 {[%emt 0:00:05] Threatens to win with b5.} f5 17. Nc5 {[%emt 0:01:59] Threatening Nh4.} O-O {[%emt 0:01:20] [#]} (17... Nxb4 {with more complications.} 18. Qa4+ Kf7 19. Qxb4 Bd6) 18. Qa4 $146 {[%emt 0:36:18][%cal Oc5a6] [#]} ({Predecessor:} 18. Re1 Nxb4 19. Nxe6 Nc2 20. Nxf8 Qxe1+ 21. Qxe1 Nxe1 22. Nxe1 Kxf8 23. Bd5 {½-½ (23) Wei,Y (2736)-Jakovenko,D (2708) Moscow 2019}) 18... Qd6 ({Better is} 18... Nxb4 $1 $11 19. Qxb4 Bd6) 19. Re1 Kh7 20. b5 Qxc5 $11 21. bxc6 bxc6 22. Nd2 Qa5 23. Qxa5 Bxa5 24. Re2 Bxd2 25. Rxd2 $15 {[%emt 0:00:06][%mdl 4096] Endgame KRB-KRB} Bd7 26. Ra2 {[%emt 0:02:48] Against Ra8} Rb8 {[%emt 0:00:28] And now ...Rb1+ would win.} 27. Ra7 Be8 {[%emt 0:00:14] next ...Rb1+ is good for Black.} 28. f4 Kg6 29. Rc7 Kf6 30. Bxc6 Bxc6 31. Rxc6 {[%emt 0:00:05] KR-KR} Rb3 32. Rd6 Rxd3 33. Kf1 Ke7 34. c5 g5 {[%emt 0:00:47][%cal Bg7g5,Bg5g4][%mdl 32] Hoping for ...gxf4.} 35. Ke2 Re3+ 36. Kf2 Re4 37. Kf3 g4+ 38. Kf2 h5 39. Kf1 {[%emt 0:01:44] [#]} (39. Kg1 $17) 39... h4 $1 $19 40. Kf2 h3 41. Kf1 Re3 42. Rxd4 Rc3 {[%emt 0:00:00] Strongly threatening ...Rc1+.} 43. Rd1 {[%emt 0:00:00] Against Rc1} Rxc5 44. Kg1 Rd5 45. Re1 Kd6 46. Kh1 Rd2 47. Kg1 Kd5 48. Kh1 Kd4 49. Kg1 Kd3 50. Ra1 Ke2 51. Rb1 Rd4 52. Rb2+ Kd3 53. Rb3+ $2 {[%emt 0:00:00][%mdl 8192] White does not recover from this.} (53. Kf2 $17) 53... Kc2 54. Re3 Rd1+ 55. Kf2 {[%emt 0:00:00] [#]} Rh1 $1 56. Rxe6 Rxh2+ 57. Kg1 Rg2+ {[%emt 0:00:00] Weighted Error Value: White=0.55/Black=0.04 (flawless)} 0-1

[Event "BSV-SCK IM 2022"]
[Site "Berlin"]
[Date "2022.04.12"]
[Round "6.2"]
[White "Mcgowan, Daniel"]
[Black "Eugene, Floryan"]
[Result "*"]
[ECO "C76"]
[WhiteElo "2101"]
[BlackElo "2404"]
[Annotator "RC"]
[PlyCount "65"]
[EventDate "2022.04.08"]
[EventType "tourn"]
[EventCountry "GER"]
[SourceTitle "playchess.com"]
[Source "ChessBase"]
[SourceQuality "1"]
[TimeControl "5400+30"]

1. e4 e5 2. Nf3 Nc6 3. Bb5 a6 4. Ba4 Nf6 5. O-O d6 6. c3 Bd7 7. Re1 g6 8. d4 Bg7 9. d5 Ne7 10. Bxd7+ Nxd7 11. Nbd2 O-O 12. Nf1 h6 13. Ng3 Qe8 14. Nd2 f5 15. exf5 gxf5 16. Ndf1 Nf6 17. c4 f4 18. Ne4 Nxe4 19. Rxe4 Qg6 20. f3 Nf5 21. Bd2 Rf6 22. Qe2 Qh5 23. Be1 Raf8 24. Rd1 Rg6 25. Kh1 Rf7 26. Rd2 Bf6 27. Qd3 Rfg7 28. Ree2 Nd4 29. Re4 Nxf3 30. Qe2 Rxg2 31. Qxg2 Nxd2 32. Nxd2 Rxg2 33. Kxg2 *

[Event "BSV-SCK IM 2022"]
[Site "Berlin"]
[Date "2022.04.12"]
[Round "6.3"]
[White "Glek, Igor"]
[Black "Muse, Drazen"]
[Result "1-0"]
[ECO "A55"]
[WhiteElo "2476"]
[BlackElo "2325"]
[Annotator "TA"]
[PlyCount "73"]
[EventDate "2022.04.08"]
[EventType "tourn"]
[EventCountry "GER"]
[SourceTitle "playchess.com"]
[Source "ChessBase"]
[SourceQuality "1"]
[TimeControl "5400+30"]

1. e4 {[%emt 0:01:59] Meulders,R} c6 2. c4 e5 3. Nf3 d6 4. d4 Nd7 5. Nc3 Ngf6 6. Be2 Be7 7. O-O O-O 8. Be3 Ng4 9. Bd2 {[%emt 0:00:13] A55: Old Indian Defence with Nf3 and e4.} h6 10. d5 Ngf6 11. Be3 {[%emt 0:08:13] White is slightly better.} a6 {[%emt 0:04:30] [#]} 12. b4 $146 ({Predecessor:} 12. Nd2 c5 13. a3 Nh7 14. g3 Bg5 15. f4 exf4 16. gxf4 Bf6 17. Bd3 Re8 18. Qf3 Rb8 19. Kh1 b5 20. Rg1 {0-1 (31) Ivanov,S (2574)-Loginov,V (2507) St Petersburg 2005 CBM 106 [Meulders,R]}) 12... cxd5 13. cxd5 Nh7 ({Black should try} 13... a5 $14) 14. a4 $16 Ng5 (14... Ndf6 $142) 15. Nd2 Nf6 16. a5 Bd7 17. h4 Ngh7 18. Na4 Ne8 (18... Rc8 $142) 19. Nb6 Bxh4 20. Nxa8 Qxa8 21. g3 Bg5 22. f4 exf4 (22... Be7 $16 {might work better.} 23. Qb3 Nef6) 23. gxf4 $18 Bf6 24. Rc1 g5 (24... Qd8 $16 25. Nc4 Bb5) 25. Nc4 {[%emt 0:03:05] aiming for Bd3.} gxf4 (25... Qd8 {keeps fighting.} 26. Nb6 gxf4 27. Bxf4 Ng5) 26. Bxf4 Bg5 27. Kh2 Qd8 28. Rc3 Bb5 29. Nb6 {[%emt 0:03:47] 0x0.002ceff46a05dp-1022s more active pieces. The black rooks are badly placed.} Bxe2 30. Qxe2 Qe7 31. Rg3 Kh8 (31... Ng7 $16) 32. Nc4 Bxf4 (32... f6 {was necessary.} 33. Rh3 Rf7) 33. Rxf4 {[%emt 0:04:47] Chess con chili.} Nef6 {[%emt 0:00:22] Prevents Qh5.} 34. Qb2 Rg8 35. Rxg8+ Kxg8 36. e5 Nxd5 {[%emt 0:02:28] [#]} (36... Ne8 {is more resistant.} 37. exd6 Nxd6) 37. Qg2+ $1 {[%emt 0:14:46] Weighted Error Value: White=0.22 (precise) /Black=0.43} 1-0

[Event "BSV-SCK IM 2022"]
[Site "Berlin"]
[Date "2022.04.12"]
[Round "6.3"]
[White "Mcgowan, Daniel"]
[Black "Eugene, Floryan"]
[Result "0-1"]
[ECO "A55"]
[WhiteElo "2101"]
[BlackElo "2404"]
[Annotator "TA"]
[PlyCount "73"]
[EventDate "2022.04.08"]
[EventType "tourn"]
[EventCountry "GER"]
[SourceTitle "playchess.com"]
[Source "ChessBase"]
[SourceQuality "1"]
[TimeControl "5400+30"]

1. e4 {[%emt 0:01:59] Meulders,R} c6 2. c4 e5 3. Nf3 d6 4. d4 Nd7 5. Nc3 Ngf6 6. Be2 Be7 7. O-O O-O 8. Be3 Ng4 9. Bd2 {[%emt 0:00:13] A55: Old Indian Defence with Nf3 and e4.} h6 10. d5 Ngf6 11. Be3 {[%emt 0:08:13] White is slightly better.} a6 {[%emt 0:04:30] [#]} 12. b4 $146 ({Predecessor:} 12. Nd2 c5 13. a3 Nh7 14. g3 Bg5 15. f4 exf4 16. gxf4 Bf6 17. Bd3 Re8 18. Qf3 Rb8 19. Kh1 b5 20. Rg1 {0-1 (31) Ivanov,S (2574)-Loginov,V (2507) St Petersburg 2005 CBM 106 [Meulders,R]}) 12... cxd5 13. cxd5 Nh7 14. a4 Ng5 15. Nd2 Nf6 16. a5 Bd7 17. h4 Ngh7 18. Na4 Ne8 19. Nb6 Bxh4 20. Nxa8 Qxa8 21. g3 Bg5 22. f4 exf4 23. gxf4 Bf6 24. Rc1 g5 (24... Qd8 $16 {keeps fighting.} 25. Nc4 Bb5) 25. Nc4 gxf4 26. Bxf4 Bg5 27. Kh2 Qd8 28. Rc3 Bb5 29. Nb6 Bxe2 (29... Qe7 {is a better defense.}) 30. Qxe2 $18 Qe7 31. Rg3 Kh8 (31... f5 $16 32. e5 dxe5) 32. Nc4 Bxf4 (32... f6 $142 33. Rh3 Rf7) 33. Rxf4 Nef6 {[%emt 0:00:22] Prevents Qh5.} (33... Rg8 {might work better.} 34. Qb2+ f6) 34. Qb2 {[%emt 0:02:52] [#] Strongly threatening e5.} Rg8 35. Rxg8+ Kxg8 36. e5 Nxd5 {[%emt 0:02:28] [#]} (36... dxe5 37. Qxe5 Qxb4) 37. Qg2+ $1 {[%emt 0:14:46][%mdl 32768] Weighted Error Value: White=0.28 (precise) /Black=0.44. Loss on time!?} 0-1

[Event "BSV-SCK IM 2022"]
[Site "Berlin"]
[Date "2022.04.12"]
[Round "6.4"]
[White "Ermitsch, Magnus"]
[Black "Eilenberg, Jonas"]
[Result "1/2-1/2"]
[ECO "C11"]
[WhiteElo "2127"]
[BlackElo "2135"]
[Annotator "TA"]
[PlyCount "49"]
[EventDate "2022.04.08"]
[EventType "tourn"]
[EventCountry "GER"]
[SourceTitle "playchess.com"]
[Source "ChessBase"]
[SourceQuality "1"]
[TimeControl "5400+30"]

1. e4 e6 2. d4 d5 3. Nc3 Nf6 4. e5 Nfd7 5. f4 c5 6. Nf3 Nc6 7. Be3 Rb8 {[%emt 0:00:05] C11: French: Classical System: 4 e5 and 4 Bg5 dxe4.} 8. Qd2 Qa5 9. Be2 b5 {[%emt 0:00:11] White is slightly better.} 10. a4 $1 a6 11. O-O b4 {[%emt 0:00:06] [#]} 12. Nb5 {[%emt 0:00:08][%cal Of4f5] Strongly threatening f5!} c4 13. Nd6+ Bxd6 14. exd6 {[%emt 0:00:04] [#]} f5 $146 ({Predecessor:} 14... O-O 15. Ne5 Nd8 16. b3 c3 17. Qd3 Rb6 18. f5 f6 19. Bh6 Nxe5 20. Qg3 Rb7 21. fxe6 Nxe6 22. dxe5 {1-0 (50) Demianjuk,A (2316)-Kiselev,V (2495) Voronezh 2007}) 15. Ne5 Nd8 16. Qe1 {[%emt 0:02:17] Black must now prevent b3.} Nf6 17. Qh4 O-O 18. b3 c3 19. Rf3 {[%emt 0:04:21] Threatens to win with Rh3.} Rb7 20. Rh3 g6 $1 21. g4 {[%emt 0:08:01] aiming for g5.} Rg7 22. Kh1 {[%emt 0:02:22] Hoping for Rg1.} Qb6 $1 23. Rg1 {[%emt 0:04:12] And now gxf5 would win.} Qxd6 24. g5 {[%emt 0:08:26] [#]} Nd7 ({Black should try} 24... Ne4 $1 $17) 25. Qf2 {[%emt 0:03:13] Weighted Error Value: White=0.09 (flawless) /Black=0.05 (flawless)} 1/2-1/2

[Event "BSV-SCK IM 2022"]
[Site "Berlin"]
[Date "2022.04.12"]
[Round "6.5"]
[White "Mirzoev, Emil"]
[Black "Glantz, Robert"]
[Result "1-0"]
[ECO "A65"]
[WhiteElo "2460"]
[BlackElo "2318"]
[Annotator "RC"]
[PlyCount "73"]
[EventDate "2022.04.08"]
[EventType "tourn"]
[EventCountry "GER"]
[SourceTitle "playchess.com"]
[Source "ChessBase"]
[SourceQuality "1"]
[TimeControl "5400+30"]

1. d4 Nf6 2. c4 g6 3. Nc3 Bg7 4. e4 d6 5. Nge2 O-O 6. Ng3 a6 7. Be2 c5 8. d5 e6 9. a4 exd5 10. cxd5 h5 11. Bg5 Qc7 12. h3 Re8 13. Qc2 Nbd7 14. Nf1 c4 15. Nd2 Nc5 16. O-O Bd7 17. Bxc4 Nxa4 18. Nxa4 b5 19. Bd3 Qxc2 20. Bxc2 bxa4 21. Bxa4 Bxa4 22. Rxa4 Nd7 23. Be3 Ne5 24. Rfa1 Rab8 25. Rxa6 Rxb2 26. R1a2 Rxa2 27. Rxa2 f5 28. Ra6 Nd3 29. Rxd6 f4 30. Bb6 Ra8 31. Rd8+ Rxd8 32. Bxd8 Bd4 33. Bh4 Kf7 34. Kf1 Ne5 35. Ke2 Nd7 36. Bg5 Be5 37. Kf3 1-0

[Event "BSV-SCK IM 2022"]
[Site "Berlin"]
[Date "2022.04.13"]
[Round "7.1"]
[White "Glantz, Robert"]
[Black "Vogel, Constantin"]
[Result "1-0"]
[ECO "A46"]
[WhiteElo "2318"]
[BlackElo "2209"]
[Annotator "TA"]
[PlyCount "57"]
[EventDate "2022.04.08"]
[EventType "tourn"]
[EventCountry "GER"]
[SourceTitle "playchess.com"]
[Source "ChessBase"]
[SourceQuality "1"]
[TimeControl "5400+30"]

1. d4 Nf6 2. Nf3 e6 3. Bf4 c5 4. e3 Qb6 5. Nc3 a6 6. a3 {[%emt 0:01:33] A46: 1 d4 Nf6 2 Nf3 e6: Torre, London and Colle Systems.} d5 {[%emt 0:06:21] [#] 6...cxd4 is vanishing.} 7. h3 $146 ({Predecessor:} 7. Be2 cxd4 8. exd4 Bd7 9. O-O Qxb2 10. Qd2 Qb6 11. Rfb1 Qa7 12. Rb3 Be7 13. Rab1 {0-1 (44) Bortnyk,O (2604)-Sarana,A (2675) Chess.com INT 2022}) 7... Bd7 8. Rb1 {[%emt 0:04:43] The position is equal.} Nc6 9. dxc5 Qxc5 10. Bd3 Bd6 11. O-O {[%emt 0:14:53] Black should prevent Na4.} e5 (11... Bxf4 $11 12. exf4 O-O) 12. Bh2 O-O 13. e4 d4 {[%emt 0:02:36] [#]} 14. b4 $1 Nxb4 (14... Qb6 15. Nd5) 15. axb4 Qxc3 16. Bxe5 Bxe5 17. Nxe5 Ba4 {[%emt 0:03:43] [#]} 18. f4 ({White should try} 18. Nc4 $1 $16 ) 18... Rac8 19. Rf2 Nd7 {[%emt 0:02:45] [#]} (19... Qc7 $11) 20. Nf3 $1 $16 Rfd8 (20... g6 $16 {was necessary.}) 21. e5 $18 Nf8 22. Ng5 {[%emt 0:04:47] Black must now prevent Qh5.} Rc6 $2 (22... Qc7 {is a better chance.} 23. Qh5 h6) 23. Qh5 {[%emt 0:06:43][%csl LRf7,LRh7] White is clearly winning.} g6 24. Qh4 {[%emt 0:00:19] Ne4 is the strong threat.} Rdc8 25. f5 R8c7 26. fxg6 hxg6 27. Ne4 Qa3 28. Nf6+ Rxf6 29. Qxf6 {[%emt 0:08:20] Weighted Error Value: White=0.06 (flawless) /Black=0.48} 1-0

[Event "BSV-SCK IM 2022"]
[Site "Berlin"]
[Date "2022.04.13"]
[Round "7.2"]
[White "Eilenberg, Jonas"]
[Black "Mirzoev, Emil"]
[Result "0-1"]
[ECO "E62"]
[WhiteElo "2135"]
[BlackElo "2460"]
[Annotator "TA"]
[PlyCount "86"]
[EventDate "2022.04.08"]
[EventType "tourn"]
[EventCountry "GER"]
[SourceTitle "playchess.com"]
[Source "ChessBase"]
[SourceQuality "1"]
[TimeControl "5400+30"]

1. d4 Nf6 2. Nf3 d6 3. c4 g6 4. Nc3 Bf5 5. g3 Bg7 6. Bg2 O-O 7. O-O Nc6 8. Re1 Ne4 9. Nh4 (9. Nb1 $11) 9... Nxc3 $15 {[%emt 0:00:06] E62: King's Indian: Fianchetto: 6...c6 and Panno Variation (6...Nc6) without ...a6.} 10. bxc3 Bd7 11. Nf3 {[%emt 0:08:24] [#]} Na5 $146 {[%emt 0:06:25] Black has an edge.} ({Predecessor:} 11... Rb8 12. Rb1 Na5 13. Qd3 b6 14. e4 Bc8 15. Bg5 Ba6 16. Nd2 h6 17. Be3 c5 {1-0 (38) Cahkt-Savickas,A (2234) Playchess.com INT 2004}) 12. Qd3 c5 13. Ba3 b6 14. e4 e5 15. Nd2 Nc6 ({Black should try} 15... exd4 $17 16. cxd4 Bxd4) 16. d5 Ne7 17. Bc1 f5 18. f3 {[%emt 0:03:36] White is on the road to losing.} (18. Nf3 $11 {remains equal.}) 18... Bh6 (18... f4 $17 19. Nf1 h5) 19. Nf1 (19. exf5 $15 gxf5 20. Nb3 Bxc1 21. Raxc1) 19... Bxc1 $17 20. Raxc1 {[%emt 0:01:08] [#]} f4 $1 21. g4 g5 22. Nd2 Kg7 23. Kf2 h5 24. h3 Rh8 25. Rh1 Ng6 26. Ra1 Ba4 27. Nb1 (27. Nf1 $17) 27... hxg4 $19 28. fxg4 f3 29. Bxf3 Qf6 {[%emt 0:01:17] Threatens to win with ...Nf4.} 30. Nd2 Raf8 31. Qe3 Nf4 {[%emt 0:00:19] Chess con chili.} 32. Nf1 (32. Kg3 {keeps fighting.}) 32... Nxh3+ 33. Ke2 Qf4 {[%emt 0:01:37] Inhibits Ng3.} 34. Qxf4 gxf4 ({Weaker is} 34... exf4 35. Nd2 $11) ({Worse is} 34... Nxf4+ 35. Ke3 $17) 35. Nd2 Rh7 36. Bg2 Rfh8 37. Bf3 Rh4 {[%emt 0:00:56] aiming for ...Ng5.} 38. Rac1 (38. Bg2 $142) 38... Bd7 39. Ra1 Ng5 40. Rhf1 Kf6 41. a4 Bxg4 42. a5 Rh2+ 43. Kd3 R8h3 {[%emt 0:00:00] Weighted Error Value: White=0.54/Black=0.19 (very precise)} 0-1

[Event "BSV-SCK IM 2022"]
[Site "Berlin"]
[Date "2022.04.13"]
[Round "7.3"]
[White "Muse, Drazen"]
[Black "Ermitsch, Magnus"]
[Result "1/2-1/2"]
[ECO "D04"]
[WhiteElo "2325"]
[BlackElo "2127"]
[Annotator "TA"]
[PlyCount "78"]
[EventDate "2022.04.08"]
[EventType "tourn"]
[EventCountry "GER"]
[SourceTitle "playchess.com"]
[Source "ChessBase"]
[SourceQuality "1"]
[TimeControl "5400+30"]

1. d4 Nf6 2. Nf3 c5 3. e3 d5 4. Nbd2 Qc7 5. dxc5 Qxc5 6. a3 {[%emt 0:05:11] D04: Colle System.} Bg4 7. b4 Qc3 8. Rb1 {[%emt 0:00:08] [#] White is better.} (8. Bb5+ Bd7 9. Bxd7+ Nbxd7 $11) 8... Nbd7 $146 ({Predecessor:} 8... Ne4 9. Bb2 Qxd2+ 10. Qxd2 Nxd2 11. Nxd2 Nc6 12. Bd3 e5 13. f3 Be6 14. Bb5 Bd6 {½-½ (73) Curran,A-Daenen,S Dos Hermanas 2003}) 9. Bb2 Qc7 (9... Qc6 $142) 10. c4 $16 dxc4 11. Bxc4 Rd8 12. Rc1 Qb8 13. h3 $40 {[%emt 0:04:03][%mdl 128] White wants a kill.} Bh5 (13... Bxf3 $16 {was worth a try.} 14. Nxf3 (14. Qxf3 e6 $16) 14... e6) 14. Qb3 (14. g4 $1 $18 ) 14... e6 15. Bb5 (15. g4 $16 Bg6 16. g5) 15... a6 16. Be2 {[%emt 0:02:50] 0x0.002037565f53dp-1022s more active pieces. The black rooks are badly placed.} Be7 ({Black should play} 16... h6 $14) 17. g4 $1 Bg6 18. h4 {[%emt 0:00:58] Threatens to win with h5.} h6 $1 19. Rg1 Ne4 $2 (19... Kf8 $14) 20. h5 $1 $18 (20. Bxg7 $6 Rg8 21. Bxh6 Nxd2 22. Nxd2 Bxh4 $16) 20... Bh4 21. hxg6 $2 ({Resist} 21. Nxh4 Nxd2 22. Qc3 (22. Qd1 Qh2 $16) 22... Be4 $16) (21. Nxe4 $6 Bxe4 22. Nxh4 Qh2 $16) (21. Rg2 $18 Bh7 22. Bxg7 (22. Nxh4 Nxd2 23. Qc3 Nf8 $18)) 21... Bxf2+ $11 22. Kd1 Nxd2 23. gxf7+ $2 (23. Nxd2 $11 {and White stays safe.} Bxg1 24. Bxg7) 23... Kxf7 $19 24. Qc3 Nf6 $1 25. Nxd2 (25. Qc7+ {is the only way for White.} Qxc7 26. Rxc7+ Kg8 27. Nxd2 Bxg1 28. Kc2) 25... Bxg1 26. Kc2 Qh2 27. Rf1 {[%emt 0:00:28][%cal Rf1f6] Black must now prevent Rxf6+.} Rc8 $1 (27... Qxe2 28. Rxf6+ Kg8 29. Rg6 $11) 28. Bc4 {[%emt 0:00:28] [#]} Rxc4 $1 29. Qxc4 {[%emt 0:00:27] Bxf6 is the strong threat.} Bxe3 30. Bc3 $2 (30. Qd3 Rc8+ 31. Bc3 Qxd2+ 32. Qxd2 Bxd2 33. Kxd2) 30... Rd8 31. Qe4 Rxd2+ 32. Kb3 {[%emt 0:00:04] [#]} Rf2 $1 33. Qxb7+ Kg8 $2 (33... Kg6 34. Qxa6 e5 35. Rxf2 Bxf2) 34. Bxf6 gxf6 35. Qa8+ $2 (35. Qc8+ Kg7 36. Qd7+ Kf8 37. Qd8+ Kg7 38. Qe7+ Kg6 39. Qxe6 Rb2+ 40. Ka4 Qc2+ 41. Ka5 Qc7+ 42. Kxa6 Qa7+ 43. Kb5 Qb8+ 44. Ka6 Qa8+ 45. Kb5 Qb7+ 46. Ka5 Qc7+ 47. Ka6 Qa7+ 48. Kb5 Qb7+ 49. Ka5 Qc7+ 50. Ka6) 35... Kg7 36. Qb7+ Kg8 37. Qa8+ $1 Kg7 38. Qb7+ Kg6 {[%emt 0:00:53] ( -> ...Rb2+)} 39. Qe4+ {[%emt 0:00:07] [#]} Kg7 $2 {[%emt 0:00:35] Weighted Error Value: White=0.54/Black=0.55} (39... Kf7 $1 $19 40. Qh7+ Ke8 41. Qh8+ Kf7 42. Qh7+ Kf8 43. Qh8+ Ke7 44. Qh7+ Ke8 45. Qh8+ Kd7 46. Qh7+ Kc6 47. Qe4+ Kc7 48. Qxe6 Qe5 49. Qc4+ Kb7 50. Qf7+ Kc6 51. Rxf2 Bxf2 52. Qc4+ Kb7 53. Qf7+ Kc6 54. Qc4+ Kb6) 1/2-1/2

[Event "BSV-SCK IM 2022"]
[Site "Berlin"]
[Date "2022.04.13"]
[Round "7.4"]
[White "Eugene, Floryan"]
[Black "Glek, Igor"]
[Result "0-1"]
[ECO "C02"]
[WhiteElo "2404"]
[BlackElo "2476"]
[Annotator "TA"]
[PlyCount "146"]
[EventDate "2022.04.08"]
[EventType "tourn"]
[EventCountry "GER"]
[SourceTitle "playchess.com"]
[Source "ChessBase"]
[SourceQuality "1"]
[TimeControl "5400+30"]

1. e4 e6 2. d4 d5 3. e5 c5 4. c3 Nc6 5. Nf3 Nh6 6. Bd3 Nf5 7. dxc5 {[%emt 0:00:29] C02: French: Advance Variation.} Bxc5 8. O-O O-O {[%emt 0:00:59] [#]} 9. Re1 $146 {[%emt 0:00:20] White is slightly better.} ({Predecessor:} 9. Nbd2 f6 10. Bxf5 exf5 11. exf6 Qxf6 12. Nb3 Bb6 13. Bf4 Be6 14. a4 a6 15. a5 {½-½ (44) Kulaots,K (2579)-Westerinen,H (2305) Fagernes 2018}) 9... h6 10. Nbd2 Bb6 11. g4 Nh4 (11... Nfe7 $5 ) 12. g5 $1 Nf5 13. Nf1 h5 14. Bxf5 exf5 15. g6 $2 (15. Be3 $11 {and White has nothing to worry.}) 15... f4 $1 $19 (15... fxg6 16. Bg5 Qd7 17. N1d2 $11) 16. gxf7+ Rxf7 17. h4 Bg4 18. N1h2 Qd7 19. e6 Bxe6 20. Ng5 Rf6 ({Weaker is} 20... Bf5 21. Bxf4 (21. Nxf7 Qxf7 22. Bxf4 Rf8 $17) 21... Rf6 22. Bg3 $17) 21. Qxh5 {[%emt 0:03:06] Hoping for Qh7+.} Rh6 {[%emt 0:00:13] Inhibits Qh7+.} (21... Bf5 $1 $19 {And now ...Raf8 would win.} 22. b4 Rh6) 22. Qe2 ({White must play} 22. Qf3 $15) 22... Bf5 $1 23. Bxf4 Rxh4 24. Bg3 Rh6 25. Rad1 Rf8 26. b4 Bd8 $2 {[%emt 0:01:56] A strong pair of Bishops.} (26... Qd8 $1 $19 {[%cal Rd8g5] has better winning chances.} 27. Ngf3 Qf6 28. Rxd5 Qxc3) 27. Ngf3 $17 Bf6 (27... Be4 $2 28. Qxe4 $3 dxe4 29. Rxd7 $18) 28. Qd2 (28. b5 $15) 28... Rd8 (28... Ne7 $142 {aiming for ...Qc8.} 29. Re3 Qc8) 29. b5 {[%emt 0:01:17] [#]} Na5 ({Better is} 29... Ne7 $1 $17 {Black wants to play ...Qc8.} 30. Qf4 Rh5) 30. Nd4 $2 {[%emt 0:00:28] Black converts the advantage convincingly.} (30. Ne5 $1 $11 {and White stays safe.} Qc8 31. Qf4) 30... Nc4 $19 31. Qf4 Bh3 32. Re2 (32. Qc7 {is a better defense.}) 32... Rf8 33. Rd3 Rg6 {[%emt 0:00:33] Threatens to win with ...Bg5.} 34. Qc1 (34. Kh1) 34... Nd6 35. Qd1 Ne4 36. Qb3 Nc5 37. Qc2 Nxd3 {[%emt 0:00:05] Really sharp!} 38. Qxd3 Rh6 39. Bf4 Rh5 {[%emt 0:01:59] Strongly threatening ...Bxd4.} 40. Qg6 Qf7 41. Qxf7+ Kxf7 (41... Rxf7 $2 {is the wrong capture.} 42. Bg3) 42. Nf1 Rc8 43. b6 axb6 44. Nb5 Bxf1 45. Kxf1 Kg8 46. Be3 Rh1+ 47. Kg2 Rb1 48. a4 Ra1 49. Rd2 Rxa4 50. Rxd5 Bxc3 51. Rd7 Be5 52. Re7 Bf6 53. Rxb7 Rc6 54. Na7 Re6 55. Nc8 Rg4+ 56. Kf3 Rc4 57. Nxb6 Rb4 58. Rb8+ Kf7 59. Bc5 Rb3+ 60. Kg2 Rc6 61. Rf8+ Ke6 62. Re8+ {[%emt 0:00:04] [#]} Kf5 $1 63. Nd7 Bb2 64. Be3 Rd3 65. Rf8+ Kg6 66. Rb8 Bc3 67. Nf8+ Kf7 {[%emt 0:00:18] White must now prevent ...Bd2.} 68. Nh7 Rg6+ 69. Ng5+ Ke7 70. Rb7+ Ke8 {[%emt 0:00:26][%cal Od3e3] ...Rxe3! is the strong threat.} 71. Rb6 $2 (71. Bf4) 71... Bf6 72. Kf3 $2 (72. Bc1) 72... Rxg5 ({Worse is} 72... Bxg5 73. Rxg6 Bxe3 74. fxe3 $11) 73. Ke4 Rgd5 {[%emt 0:00:10] Weighted Error Value: White=0.38/Black=0.22 (precise)} 0-1

[Event "BSV-SCK IM 2022"]
[Site "Berlin"]
[Date "2022.04.13"]
[Round "7.5"]
[White "Schmidek, Emil"]
[Black "Mcgowan, Daniel"]
[Result "1-0"]
[ECO "D36"]
[WhiteElo "2383"]
[BlackElo "2101"]
[Annotator "TA"]
[PlyCount "85"]
[EventDate "2022.04.08"]
[EventType "tourn"]
[EventCountry "GER"]
[SourceTitle "playchess.com"]
[Source "ChessBase"]
[SourceQuality "1"]
[TimeControl "5400+30"]

1. d4 Nf6 2. c4 e6 3. Nc3 d5 4. cxd5 exd5 5. Bg5 c6 6. e3 Be7 7. Bd3 Nbd7 8. Qc2 O-O 9. Nf3 Re8 10. h3 Nf8 11. Bf4 c5 {[%emt 0:03:23] D36: Queen's Gambit Declined: Exchange Variation: Main line (5 Bg5 c6 6 Qc2).} (11... Ne6 $11) 12. dxc5 $14 Ne6 13. Be5 Nxc5 {[%emt 0:11:55][%cal Of6e4] [#] White is better.} 14. O-O $1 Nxd3 15. Qxd3 Be6 {[%emt 0:00:57] [#]} 16. Nb5 $146 {[%emt 0:08:44] aiming for Rac1.} (16. Rad1 {looks sharper.} Qb6 17. Ng5 g6 18. Bd4) ({Predecessor:} 16. Rfd1 Rc8 17. Rac1 a6 18. Ne2 Qd7 19. Ned4 h6 20. b3 Ne4 21. Nxe6 fxe6 22. Rxc8 Qxc8 {0-1 (37) Savon,V (2425)-Yagupov,I (2450) St Petersburg 1998}) 16... Nd7 17. Bh2 {[%emt 0:06:15] &Bianco is much more active.} Nc5 18. Qe2 Na6 {[%emt 0:03:02] Against Nc7} 19. Rfc1 Bf6 20. a3 Re7 (20... Bd7 $14) 21. Bd6 Rd7 22. Be5 Bxe5 23. Nxe5 Re7 24. Nf3 Qb6 25. b4 Bd7 26. Nc3 Nc7 27. Qd3 Qg6 28. Qxg6 hxg6 29. Rd1 Be6 30. Rac1 f6 31. Nd4 Bf7 32. Ncb5 {[%emt 0:03:35] Pair of Knights!} Ne8 33. Rc5 a6 34. Nc3 Rd8 35. Na4 Nd6 36. Nb6 Nc4 {[%emt 0:01:22] [#]} 37. Nc6 $1 Nxb6 $2 {[%emt 0:02:39][%mdl 8192] Black cannot hold the game after this.} (37... bxc6 $16 38. Nxc4 Red7) 38. Nxe7+ $18 {[%emt 0:09:31] White is clearly winning.} Kf8 39. Rc7 Rb8 40. Rdc1 Nc4 41. e4 dxe4 42. R1xc4 Bxc4 43. Nxg6+ {[%emt 0:00:00] Weighted Error Value: White=0.04 (flawless) /Black=0.27 (precise)} ({Inferior is} 43. Rxc4 Kxe7 44. Rxe4+ Kf7 $11) 1-0